 Dungeon Crawl Stone Soup version 0.21.1-1-g345015f (webtiles) character file.

90 theblackcape the Insei (level 4, -5/28 HPs)
             Began as an Octopode Transmuter on June 4, 2018.
             Slain by Natasha (6 damage)
             ... on level 2 of the Dungeon.
             The game lasted 00:07:29 (1577 turns).

theblackcape the Insei (Octopode Transmuter)        Turns: 1577, Time: 00:07:30

Health: -5/28      AC:  1    Str:  9    XL:     4   Next: 56%
Magic:  6/8        EV: 13    Int: 16    God:
Gold:   42         SH:  0    Dex: 12    Spells: 5/8 levels left

rFire    . . .     SeeInvis .     - Unarmed
rCold    . . .     Gourm    .   (no shield)
rNeg     . . .     Faith    .   (helmet restricted)
rPois    .         Spirit   .   (no amulet)
rElec    .         Reflect  .   (no ring)
rCorr    .         Harm     .   (no ring)
MR       .....                  (no ring)
Stlth    ++........             (no ring)
HPRegen  0.09/turn              (no ring)
MPRegen  0.11/turn              (no ring)
                                (no ring)
                                (no ring)

@: very slightly contaminated
A: almost no armour, stealthy swim, amphibious, 8 rings, constrict 8, camouflage
1, gelatinous body 1
a: no special abilities


You were on level 2 of the Dungeon.
You were hungry.

You visited 1 branch of the dungeon, and saw 2 of its levels.

You collected 42 gold pieces.

Inventory:

Missiles
 a - 37 arrows
Scrolls
 f - a scroll of teleportation {unknown}
 g - a scroll of amnesia {unknown}
 i - 2 scrolls of identify {unknown}
Potions
 d - 2 potions of cancellation {unknown}
 e - 2 potions of degeneration {unknown}
 h - a potion of haste
 j - a potion of mutation {unknown}
 k - a potion of heal wounds {unknown}
Books
 b - a book of Changes

   Spells                             Type                      Level
   a - Beastly Appendage              Transmutation                1
   b - Sticks to Snakes               Transmutation                2
   c - Spider Form                    Transmutation/Poison         3
   d - Ice Form                       Ice/Transmutation            4
   e - Blade Hands                    Transmutation                5
Comestibles
 c - 2 rations
 l - 3 chunks of flesh


   Skills:
 + Level 1.0 Fighting
 + Level 2.2 Dodging
 + Level 4.0 Unarmed Combat
 + Level 2.8 Spellcasting
 + Level 2.7 Transmutations


You had 5 spell levels left.
You knew the following spells:

 Your Spells              Type           Power        Failure   Level  Hunger
a - Beastly Appendage     Tmut           ##....       6%          1    #......
b - Sticks to Snakes      Tmut           ##......     10%         2    ##.....


Dungeon Overview and Level Annotations

Branches:
Dungeon (2/15)

Altars:

Annotations:
D:2 Natasha


Innate Abilities, Weirdness & Mutations

You cannot wear most types of armour.
You are very stealthy in the water. (Stealth+)
You are amphibious.
You can wear up to eight rings at the same time.
You can use your tentacles to constrict eight enemies at once.
Your skin changes colour to match your surroundings (Stealth+).
Your rubbery body absorbs attacks. (AC +1, EV +1)


Message History

The kobold shouts!
You tentacle-slap Natasha but do no damage.
You grab Natasha.
You constrict Natasha, but do no damage.
Natasha claws you!
You tentacle-slap Natasha.
Natasha is lightly wounded.
You constrict Natasha, but do no damage.
Natasha mumbles some strange words.
Natasha shimmers violently.
Natasha casts a spell at you. The magic dart hits you!
* * * LOW HITPOINT WARNING * * *
You tentacle-slap Natasha.
Natasha is moderately wounded.
You constrict Natasha. You tentacle-slap Natasha.
You squeeze Natasha, but do no damage.
Natasha is severely wounded.
You constrict Natasha. Natasha claws you.
You die...

##### #...# #...# #...#
#...# #.<.# #...# #...#
#...# ##...#####
#######...# #........#
#.........####........##
.#......†..............##
........@######........##
.......h(# #........##
.........# #..<..)..##
)....K.#.# #........##
.......#.. ######.####
.....[.#### #.#...
....... #.#.## .......
#.#.# #.#.#


You could see Natasha and a kobold.

Vanquished Creatures
  Jessica (D:2)
  Natasha (D:2)
  An ooze (D:1)
  2 worms (D:2)
  A dart slug (D:1)
  2 leopard geckos
  2 bats (D:2)
  2 giant cockroaches (D:1)
  6 goblins
  3 hobgoblins
  A quokka (D:2)
  4 frilled lizards
  5 kobolds
  5 rats
36 creatures vanquished.

Notes
Turn   | Place    | Note
-------+----------+-------------------------------------------
     0 | D:1      | theblackcape the Octopode Transmuter began the quest for the Orb.
     0 | D:1      | Reached XP level 1. HP: 13/13 MP: 3/3
   132 | D:1      | Reached XP level 2. HP: 14/18 MP: 3/5
   668 | D:1      | Reached XP level 3. HP: 18/23 MP: 4/6
   731 | D:2      | Noticed Natasha
   739 | D:2      | Killed Natasha
   741 | D:2      | HP: 1/23 [hobgoblin/club (2)]
   902 | D:2      | Learned a level 2 spell: Sticks to Snakes
  1236 | D:2      | Reached XP level 4. HP: 28/28 MP: 5/7
  1347 | D:2      | Reached skill level 4 in Unarmed Combat
  1466 | D:2      | Noticed Jessica
  1479 | D:2      | Killed Jessica
  1566 | D:2      | Noticed Natasha
  1575 | D:2      | HP: 1/28 [Natasha/magic dart (9)]
  1577 | D:2      | Slain by Natasha

Skill      XL: |  1  2  3  4 |
---------------+-------------+-----
Unarmed Combat | 4 |  4.0
Fighting       | |  1.0
Dodging        | |  2.2
Spellcasting   | |  2.8
Transmutations | |  2.7

Action                   |  1- 3 |  4- 6 || total
-------------------------+-------+-------++-------
Melee: Unarmed           |    47 |    28 ||    75
       Constrict         |    16 |     6 ||    22
       Tentacles         |     6 |     5 ||    11
       Kick              |    11 |     2 ||    13
       Punch             |       |     1 ||     1
 Cast: Beastly Appendage |    14 |     2 ||    16
       Sticks to Snakes  |       |     3 ||     3
 Stab: Sleeping          |     1 |     1 ||     2
  Eat: Chunk             |     1 |     1 ||     2
Armor: Skin              |     4 |     3 ||     7
Dodge: Dodged            |    21 |    10 ||    31
